 Dungeon Crawl Stone Soup version 0.31-a0-859-g9dce7d3444 (webtiles) character file.

Game seed: 5642301456333806766

402 retardedninja the Firebug (level 6, -1/35 HPs)
             Began as a Gargoyle Fire Elementalist on Oct 9, 2023.
             Slain by an orc warrior
             ... wielding a +0 war axe
              (11 damage)
             ... on level 3 of the Dungeon.
             The game lasted 00:04:36 (3727 turns).

retardedninja the Firebug (GrFE)                    Turns: 3727, Time: 00:04:36

Health: -1/35      AC:  6    Str: 12    XL:     6   Next: 85%
Magic:  3/11       EV: 12    Int: 17    God:
Gold:   178        SH:  0    Dex: 10    Spells: 8/11 levels left

rFire   . . .        k - +0 halberd
rCold   . . .        (shield currently unavailable)
rNeg    + . .        a - +0 robe
rPois   ∞            (no helmet)
rElec   +            (no cloak)
rCorr   .            (no gloves)
SInv    .            (no boots)
Will    .....        (no amulet)
Stlth   ++           (no ring)
HPRegen 0.25/turn    (no ring)
MPRegen 0.12/turn

%: no passive effects
@: very slightly contaminated
A: sickness immunity, AC +4, negative energy resistance 1, electricity
resistance, torment resistance 1, petrification resistance
a: no special abilities


You were on level 3 of the Dungeon.
You visited 1 branch of the dungeon, and saw 4 of its levels.

You collected 178 gold pieces.

Inventory:

Hand Weapons
 k - a +0 halberd (weapon)
Missiles
 e - 3 throwing nets
Armour
 a - a +0 robe (worn)
Jewellery
 o - a ring of protection from cold
Scrolls
 d - a scroll of amnesia {unknown}
 f - 6 scrolls of identify {unknown}
 g - a scroll of revelation {unknown}
 h - a scroll of teleportation {unknown}
 m - a scroll of immolation {unknown}
Potions
 c - 3 potions of lignification {unknown}
 i - a potion of mutation {unknown}
 j - a potion of curing {unknown}
 l - a potion of invisibility {unknown}
 n - 2 potions of degeneration {unknown}


   Skills:
 + Level 2.2 Fighting
 - Level 2.2 Dodging
 - Level 3.1 Stealth
 + Level 3.3 Spellcasting
 + Level 3.3 Conjurations
 + Level 4.2 Fire Magic
 + Level 1.6 Air Magic


You had 8 spell levels left.
You knew the following spells:

 Your Spells              Type           Power      Damage    Failure   Level
a - Foxfire               Conj/Fire      60%        2x1d7     3%          1
b - Scorch                Fire           34%        2d6       4%          2

Your spell library contained the following spells:

 Spells                   Type           Power      Damage    Failure   Level
 Inner Flame              Hex/Fire       9%         N/A       22%         3
 Volatile Blastmotes      Fire/Tloc      18%        2d11      22%         3
 Blink                    Tloc           4%         N/A       26%         2
 Flame Wave               Conj/Fire      15%        2d7       34%         4
 Summon Guardian Golem    Hex/Summ       2%         N/A       45%         3
 Fulminant Prism          Conj/Hex       4%         3d5       63%         4
 Iskenderun's Mystic Bla  Conj/Tloc      8%         2d4       63%         4
 Dispel Undead            Necr           2%         3d7       86%         4
 Manifold Assault         Tloc           2%         N/A       86%         4
 Passage of Golubria      Tloc           2%         N/A       86%         4
 Silence                  Hex/Air        2%         N/A       98%         5
 Conjure Ball Lightning   Conj/Air       5%         3x3d6     100%        6
 Death Channel            Necr           1%         N/A       100%        6
 Orb of Destruction       Conj           7%         9d6       100%        7
 Spellforged Servitor     Conj/Summ      4%         N/A       100%        7
 Discord                  Hex            1%         N/A       100%        8
 Disjunction              Tloc           1%         N/A       100%        8
 Lehudib's Crystal Spear  Conj/Erth      4%         10d3      100%        8
 Cigotuvi's Dreadful Rot  Necr/Pois/Air  Unusable   N/A       N/A         2

Dungeon Overview and Level Annotations

Branches:
Dungeon (4/15)
 Temple: D:4-7

Altars:
Qazlal

Annotations:
D:3 2 transporters, kd29's ghost, amateur GrFi


Innate Abilities, Weirdness & Mutations

You are immune to sickness and miasma.
Your stone body is resilient. (AC +4)
You are immune to poison.
You resist negative energy. (rN+)
You are resistant to electric shocks. (rElec)
You are resistant to unholy torment.
You are immune to petrification.


Message History

Confirm with . or Enter, or press ? or * to list all spells.
Flames lash the orc warrior.
The orc warrior is burned terribly!
The orc warrior is moderately wounded.
The orc priest hits you but does no damage.
The orc warrior hits you with a +0 war axe.
Unknown command.
Casting: Scorch (safe; 4% risk of failure)
Confirm with . or Enter, or press ? or * to list all spells.
You don't have enough magic to cast this spell.
Unknown command.
Casting: Scorch (safe; 4% risk of failure)
Confirm with . or Enter, or press ? or * to list all spells.
You don't have enough magic to cast this spell.
Unknown command.
Magic courses through your body. The orc priest closely misses you.
The orc warrior hits you with a +0 war axe.
Casting: Scorch (safe; 4% risk of failure)
Confirm with . or Enter, or press ? or * to list all spells.
Flames lash the orc warrior.
The orc warrior is burned terribly!
The orc warrior is severely wounded.
The orc priest hits you with a +0 hand axe.
The orc warrior hits you with a +0 war axe!
* * * LOW HITPOINT WARNING * * *
Casting: Scorch (safe; 4% risk of failure)
Confirm with . or Enter, or press ? or * to list all spells.
Flames lash the orc priest.
You kill the orc priest!
The orc warrior misses you.
Unknown command.
Casting: Scorch (safe; 4% risk of failure)
Confirm with . or Enter, or press ? or * to list all spells.
Flames lash the orc warrior.
The orc warrior is burned terribly!
The orc warrior is almost dead.
The orc warrior barely misses you.
Unknown command.
Casting: Scorch (safe; 4% risk of failure)
Confirm with . or Enter, or press ? or * to list all spells.
Flames lash the orc warrior but do no damage.
The orc warrior hits you with a +0 war axe!
You die...

.....# #........#.#
#..##.##.### .....#
#........#.####...#.#.....
....)#
##########................
#....########
#................
##..........#
#.........##.....
#..........#
#.......#.##.....
#..........#
#................
#..........#
####.####.#.##.....
##..........#
#.@o......#.######.
............#
#)##.####.#....>...
.#..........#
#.##.####.#####....
.#..........#
#....##......##....
...........##
#######.......#....
...........# #.......#....
........)..####
#.......#....
########......#
#######.#....
......##......#######
#.#....


You could see an orc warrior (combustible).

Vanquished Creatures
  Sigmund (D:4)
  A hound (D:4)
  An orc priest (D:3)
  Jessica (D:3)
  An orc wizard (D:4)
  5 gnolls (D:2)
  4 adders
  A worm (D:3)
  4 orcs (D:3)
  7 ball pythons
  3 endoplasms
  2 giant cockroaches
  2 goblins (D:1)
  2 hobgoblins
  7 kobolds
  3 quokkas (D:3)
  2 bats
  2 frilled lizards (D:2)
  2 rats
51 creatures vanquished.

Vanquished Creatures (others)
  257 foxfires
257 creatures vanquished.

Grand Total: 308 creatures vanquished

Notes
Turn   | Place    | Note
-------+----------+-------------------------------------------
     0 | D:1      | retardedninja the Gargoyle Fire Elementalist began the
                  | quest for the Orb.
     0 | D:1      | Reached XP level 1. HP: 10/10 MP: 3/3
   330 | D:1      | Reached XP level 2. HP: 15/15 MP: 3/5
   857 | D:2      | Reached XP level 3. HP: 17/19 MP: 1/6
   905 | D:2      | Learned a level 2 spell: Scorch
  1063 | D:2      | Reached XP level 4. HP: 9/24 MP: 2/7
  2231 | D:3      | Reached XP level 5. HP: 28/28 MP: 6/9
  2689 | D:3      | Noticed kd29's ghost (amateur GrFi)
  2783 | D:3      | Found a transporter.
  2783 | D:3      | Noticed Jessica
  2788 | D:3      | Killed Jessica
  2834 | D:3      | Found a transporter.
  2841 | D:3      | Reached skill level 1 in Fighting
  3153 | D:3      | Found a stormy altar of Qazlal.
  3305 | D:4      | Noticed Sigmund
  3321 | D:4      | Killed Sigmund
  3322 | D:4      | Reached skill level 4 in Fire Magic
  3322 | D:4      | Reached skill level 1 in Air Magic
  3322 | D:4      | Reached XP level 6. HP: 5/35 MP: 0/10
  3450 | D:4      | Noticed an orc warrior
  3727 | D:3      | Slain by an orc warrior

Illustrated notes

Levels and vault maps discovered:
D:1:      mushboom_english_gardens, layout_basic
D:2:      layout_rooms, minmay_unequal
D:3:      layout_basic, marbit_many_paths, gammafunk_ghost_arena, uniq_jessica
D:4:      layout_gridville, minmay_temple_entry_offerings,
          minmay_misc_feat_diagonals, uniq_sigmund, uniq_blork_the_orc,
          uniq_pikel

Skill      XL: |  1  2  3  4  5 |
---------------+----------------+-----
Dodging        | 2 |  2.2
Conjurations   | 2 3 |  3.3
Stealth        | 3 |  3.1
Fighting       | 2 |  2.2
Spellcasting   | 3 |  3.3
Fire Magic     | 4 |  4.2
Air Magic      | 1 |  1.6

Action                     |  1- 3 |  4- 6 || total
---------------------------+-------+-------++-------
  Melee: Unarmed           |     2 |       ||     2
         Halberd           |       |     5 ||     5
   Cast: Foxfire           |    39 |   115 ||   154
         Scorch            |       |     8 ||     8
    Use: Potion            |       |     1 ||     1
 Armour: Robe              |    20 |    28 ||    48
  Dodge: Dodged            |    21 |    32 ||    53

Table legend: (Time is in decaauts)
 A = Elapsed time spent in this place.
 B = Non-inter-level travel time spent in this place.
 C = Inter-level travel time spent in this place.
 D = Time resting spent in this place.
 E = Time spent auto-exploring this place.
 F = Levels seen in this place.
 G = Mean time per level.
                   A        B        C        D        E       F      G
               +--------+--------+--------+--------+--------+-----+--------+
         Total |   3731 |   3638 |     93 |    554 |   2547 |   4 |  932.8 |
       Dungeon |   3731 |   3638 |     93 |    554 |   2547 |   4 |  932.8 |
               +--------+--------+--------+--------+--------+-----+--------+

Top non-repeatable levels by time:
     D:3: 1454 daAuts
     D:2: 1167 daAuts
     D:1: 839 daAuts
     D:4: 270 daAuts
